 Dungeon Crawl Stone Soup version 0.29-a0-823-gc37b1572da (webtiles) character file.

Game seed: 4992742685447465834

309 pyrow613 the Slasher (level 5, -2/42 HPs)
             Began as a Demigod Gladiator on July 8, 2022.
             Slain by a gnoll
             ... wielding a +0 club
             ... led by a gnoll bouda
              (4 damage)
             ... on level 4 of the Dungeon.
             The game lasted 00:08:38 (3905 turns).

pyrow613 the Slasher (Demigod Gladiator)            Turns: 3905, Time: 00:08:39

Health: -2/42      AC: 12    Str: 19    XL:     5   Next: 95%
Magic:  7/7        EV:  8    Int: 10    God:
Gold:   146        SH:  0    Dex: 15    Spells: 4/4 levels left

rFire   . . .      SeeInvis .   a - +0 scimitar
rCold   . . .      Faith    .   (no shield)
rNeg    . . .      Spirit   .   u - +0 chain mail
rPois   +          Reflect  .   c - +1 helmet
rElec   .          Harm     .   h - +1 cloak
rCorr   .          Rampage  .   (no gloves)
Will    .....                   (no boots)
Stlth   ..........              v - amulet of the acrobat
HPRegen 0.14/turn               o - ring of poison resistance
MPRegen 0.10/turn               (no ring)

@: no status effects
A: high MP 1, forlorn, divine attributes
a: no special abilities


You were on level 4 of the Dungeon.
You visited 1 branch of the dungeon, and saw 4 of its levels.

You collected 146 gold pieces.

Inventory:

Hand Weapons
 a - a +0 scimitar (weapon)
 b - a +0 sling
Missiles
 d - 2 throwing nets (quivered)
 e - a javelin
 i - 17 stones
 k - 2 curare-tipped darts
 s - 13 poisoned darts
Armour
 c - a +1 helmet (worn)
 h - a +1 cloak (worn)
 u - a +0 chain mail (worn)
Jewellery
 o - a ring of poison resistance (left hand)
 v - an amulet of the acrobat (around neck)
Scrolls
 l - 2 scrolls of identify {unknown}
 t - a scroll of teleportation {unknown}
Potions
 g - a potion of lignification {unknown}
 m - a potion of flight {unknown}
 n - 3 potions of might {unknown}
 p - a potion of mutation {unknown}
 q - 2 potions of curing {unknown}
 r - 2 potions of heal wounds {unknown}
 w - 2 potions of berserk rage {unknown}


   Skills:
 + Level 2.7 Fighting
 * Level 6.0 Long Blades
 - Level 1.7 Throwing
 - Level 2.6 Dodging


You had 4 spell levels left.
You didn't know any spells.
Your spell library contained the following spells:

 Spells                   Type           Power      Damage    Failure   Level
 Sting                    Tmut/Pois      0%         1d3       99%         1
 Poisonous Vapours        Pois/Air       0%         N/A       100%        2
 Sublimation of Blood     Necr           0%         N/A       100%        2
 Wereblood                Tmut           0%         N/A       100%        2
 Olgreb's Toxic Radiance  Pois           0%         N/A       100%        4
 Summon Hydra             Summ           0%         N/A       100%        7


Dungeon Overview and Level Annotations

Branches:
Dungeon (4/15)
 Temple: D:4-7


Innate Abilities, Weirdness & Mutations

You have an increased reservoir of magic. (+10% MP)
You shall have no god before yourself.
Your divine heritage dramatically boosts your attributes as you level up.


Message History

The gnolls pick up the pace!
The gnoll hits you but does no damage.
A gnoll comes into view. It is wielding a +0 halberd.
You hit the gnoll.
The gnoll is heavily wounded.
A gnoll comes into view. It is wielding a +0 spear.
The gnoll hits you but does no damage.
Okay, then.
Okay, then.
As you read the scroll labelled ZED OTEOCIOKOA, it crumbles to dust.
It is a scroll of enchant armour.
Your +0 helmet glows green for a moment.
The gnoll bouda calls upon its god to heal the gnoll.
The gnoll is healed somewhat.
The gnoll hits you but does no damage.
Unknown command.
The air fills with toxic fumes!
As you read the scroll labelled FUYNWE NORA, it crumbles to dust.
It was a scroll of poison.
The gnoll hits you from afar with a +0 halberd.
The gnoll hits you with a +0 club.
The gnoll bouda hits you with a +0 whip.
The gnoll hits you but does no damage.
You hit the gnoll bouda.
The gnoll bouda is lightly wounded.
The gnoll hits you from afar with a +0 halberd.
The gnoll hits you but does no damage. x2; The gnoll barely misses you.
The gnoll hits you but does no damage.
You slash the gnoll bouda!
The gnoll bouda is severely wounded.
The gnoll bouda hits you with a +0 whip.
The gnoll barely misses you.
The gnoll hits you from afar with a +0 halberd!
* * * LOW HITPOINT WARNING * * *
The gnoll closely misses you.
You closely miss the gnoll bouda.
The gnoll bouda is severely wounded.
The gnoll bouda hits you with a +0 whip.
* * * LOW HITPOINT WARNING * * *
The gnoll hits you but does no damage. The gnoll hits you with a +0 club.
You die...

... #....#......
#...§§#....#.†....
#...§§#....#......
#..§§§#....#...... ..§§
#...#...... #
####§####...##'#... §§§
#§§§§§§#[......#...
§§§§§#g§§§§§#§§.....#...
§§§§ggg@§§§§§§§.....#...
§§§§g#§g§§§§#§§.....#...
§§§ #§§§§§§#.......#...
§ ##§§§§###..##..#...
#§§§§# ###########
#§§§§§§ #§§§§§§#
#§§§§§§#


You could see a gnoll bouda and 5 gnolls.

Vanquished Creatures
  The ghost of zhov the Shooter, an amateur FoHu (D:3)
  2 orc wizards (D:3)
  3 gnolls (D:2)
  5 adders
  A dart slug (D:2)
  9 orcs
  10 ball pythons
  11 endoplasms
  2 giant cockroaches (D:1)
  3 goblins
  5 hobgoblins
  12 jackals
  8 kobolds
  3 quokkas
  7 bats
  2 frilled lizards (D:1)
  5 rats
89 creatures vanquished.

Vanquished Creatures (others)
  58 plants
58 creatures vanquished.

Grand Total: 147 creatures vanquished

Notes
Turn   | Place    | Note
-------+----------+-------------------------------------------
     0 | D:1      | pyrow613 the Demigod Gladiator began the quest for the Orb.
     0 | D:1      | Reached XP level 1. HP: 17/17 MP: 3/3
   231 | D:1      | Reached skill level 3 in Long Blades
   407 | D:1      | Reached XP level 2. HP: 17/24 MP: 4/4
  1291 | D:2      | Reached XP level 3. HP: 29/29 MP: 5/5
  1318 | D:2      | Reached skill level 4 in Long Blades
  1509 | D:2      | Reached XP level 4. HP: 9/36 MP: 6/6
  2172 | D:2      | Reached skill level 5 in Long Blades
  2938 | D:3      | Noticed zhov's ghost (amateur FoHu)
  2939 | D:3      | Found a runed translucent door.
  2963 | D:3      | Reached XP level 5. HP: 41/41 MP: 7/7
  3733 | D:3      | Killed zhov's ghost
  3891 | D:4      | Reached skill level 6 in Long Blades
  3905 | D:4      | HP: 2/42 [gnoll bouda/+0 whip (3)]
  3905 | D:4      | Slain by a gnoll

Illustrated notes

Levels and vault maps discovered:
D:1:      spicycebolla_arrival_clurvy, layout_loops_cross,
          basic_ecumenical_altar, minmay_pentomino_z2
D:2:      layout_basic, reono_crystal_passage, serial_bayou_crossing
D:3:      layout_rooms, mainiacjoe_overflow_alcove_2, gammafunk_ghost_grave,
          serial_bayou, serial_bayou_pond_e, serial_bayou_shore_a,
          serial_bayou_ford_a, serial_bayou_lagoon_a, serial_bayou_shore_b
D:4:      layout_gridville, serial_shops, shop, nicolae_ossuary_entry_ruins,
          gammafunk_ghost_smash, uniq_eustachio

Skill      XL: |  1  2  3  4  5 |
---------------+----------------+-----
Long Blades    | 3 4 5 6 |  6.0
Fighting       | 2 |  2.7
Throwing       | |  1.7
Dodging        | |  2.6

Action                   |  1- 3 |  4- 6 || total
-------------------------+-------+-------++-------
Melee: Long sword        |   116 |    92 ||   208
       Punch             |       |     1 ||     1
       Scimitar          |       |    64 ||    64
 Fire: Sling             |     5 |     9 ||    14
Throw: Throwing net      |     1 |       ||     1
  Use: Scroll            |       |     4 ||     4
 Stab: Sleeping          |     1 |       ||     1
Armor: Leather armour    |    12 |       ||    12
       Scale mail        |    34 |    30 ||    64
       Chain mail        |       |    60 ||    60
Dodge: Dodged            |    75 |    71 ||   146

Table legend: (Time is in decaauts)
 A = Elapsed time spent in this place.
 B = Non-inter-level travel time spent in this place.
 C = Inter-level travel time spent in this place.
 D = Time resting spent in this place.
 E = Time spent auto-exploring this place.
 F = Levels seen in this place.
 G = Mean time per level.
                   A        B        C        D        E       F      G
               +--------+--------+--------+--------+--------+-----+--------+
         Total |   3988 |   3915 |     73 |    561 |   2540 |   4 |  997.0 |
       Dungeon |   3988 |   3915 |     73 |    561 |   2540 |   4 |  997.0 |
               +--------+--------+--------+--------+--------+-----+--------+

Top non-repeatable levels by time:
     D:2: 1357 daAuts
     D:3: 1274 daAuts
     D:1: 1231 daAuts
     D:4: 124 daAuts
